 Dungeon Crawl Stone Soup version 0.22-a0-579-gb62a27e (webtiles) character file.

7623 Delateral the Bewitcher (level 10, 46/46 HPs)
             Began as a Felid Enchanter on July 1, 2018.
             Was a Priest of Wu Jian.
             Quit the game on level 3 of the Lair of Beasts.
             The game lasted 00:53:17 (22322 turns).

Delateral the Bewitcher (Felid Enchanter)          Turns: 22322, Time: 00:53:18

Health: 46/46      AC:  2    Str:  4    XL:     10   Next: 98%
Magic:  19/19      EV: 29    Int: 20    God:    Wu Jian [***...]
Gold:   917        SH:  0    Dex: 17    Spells: 2/20 levels left
                                        Lives:  0   Deaths: 3

rFire    . . .     SeeInvis +     - Unarmed
rCold    . . .     Gourm    .   (shield unavailable)
rNeg     . . .     Faith    .   (armour unavailable)
rPois    .         Spirit   .   (helmet unavailable)
rElec    .         Reflect  .   (cloak unavailable)
rCorr    .         Harm     .   (gloves unavailable)
MR       +....                  (boots unavailable)
Stlth    ++++++....             c - amulet of rage
HPRegen  0.15/turn              y - +1 ring of evasion
MPRegen  0.16/turn              v - ring of stealth

@: quick
A: very small, no armour, no weapons or thrown items, stealth, claws 1, fangs 3,
see invisible, carnivore, speed 1, shaggy fur 2, slow metabolism 1, sharp paws
a: Wall Jump, Serpent's Lash, Renounce Religion, Evoke Berserk Rage


You were on level 3 of the Lair of Beasts.
You worshipped Wu Jian.
Wu Jian was most pleased with you.
You were not hungry.

You visited 4 branches of the dungeon, and saw 18 of its levels.

You collected 947 gold pieces.
You spent 30 gold pieces at shops.

Inventory:

Missiles
 i - 339 stones
Jewellery
 c - an amulet of rage (around neck)
 q - an uncursed ring of flight
 v - a ring of stealth (right paw)
 y - a +1 ring of evasion (left paw)
Wands
 t - a wand of acid (12)
 u - a wand of random effects (51)
 w - a wand of polymorph (40)
 D - a wand of digging (22)
Scrolls
 a - a scroll of vulnerability
 g - 5 scrolls of immolation
 h - 2 scrolls of blinking
 k - 7 scrolls of remove curse
 l - 2 scrolls of fear
 o - 3 scrolls of amnesia
 p - 6 scrolls of teleportation
 s - a scroll of fog
 E - a scroll of magic mapping
Potions
 d - 4 potions of heal wounds
 e - 2 potions of brilliance
 f - a potion of resistance
 j - 4 potions of curing
 m - a potion of cancellation
 r - 3 potions of haste
 x - 3 potions of flight
 z - 4 potions of lignification
 A - 2 potions of might
 C - 2 potions of agility {unknown}
Miscellaneous
 B - a phantom mirror
Comestibles
 b - 37 rations


   Skills:
 + Level 6.8 Fighting
 + Level 11.9 Dodging
 - Level 10.0 Stealth
 + Level 10.8 Unarmed Combat
 + Level 5.5 Spellcasting
 - Level 15.0 Hexes
 - Level 5.0 Translocations
 * Level 2.9 Evocations


You had 2 spell levels left.
You knew the following spells:

 Your Spells              Type           Power        Failure   Level  Hunger
a - Corona                Hex            ######.      1%          1    None
b - Ensorcelled Hibernat  Hex/Ice        #####.       1%          2    None
c - Confuse               Hex            ######..     1%          3    ##.....
d - Tukima's Dance        Hex            ######..     1%          3    ##.....
e - Apportation           Tloc           ####..       1%          1    None
f - Invisibility          Hex            ######..     3%          6    #######
g - Blink                 Tloc           N/A          2%          2    None

Your spell library contained the following spells:

 Spells                   Type           Power        Failure   Level  Hunger
 Magic Dart               Conj           #...         11%         1    None
 Conjure Flame            Conj/Fire      #.......     32%         3    ##.....
 Lightning Bolt           Conj/Air       #.........   97%         5    #####..
 Slow                     Hex            ######..     1%          2    None
 Throw Frost              Conj/Ice       #.....       17%         2    None
 Mephitic Cloud           Conj/Pois/Air  #.......     32%         3    ##.....
 Summon Small Mammal      Summ           #...         11%         1    None
 Freeze                   Ice            #...         11%         1    None
 Summon Ice Beast         Ice/Summ       #.......     73%         4    ####...
 Ozocubu's Armour         Chrm/Ice       #.......     32%         3    ##.....
 Call Imp                 Summ           #.......     17%         2    None
 Shock                    Conj/Air       #...         11%         1    None
 Swiftness                Chrm/Air       #.......     17%         2    None
 Throw Icicle             Conj/Ice       #.......     73%         4    ####...
 Airstrike                Air            #.........   73%         4    ####...
 Call Canine Familiar     Summ           #.......     32%         3    ##.....
 Summon Butterflies       Summ           #.......     11%         1    None
 Static Discharge         Conj/Air       #.......     32%         3    ##.....
 Alistair's Intoxication  Tmut/Pois      #.......     97%         5    #####..
 Dazzling Spray           Conj/Hex       #####.       1%          3    ##.....
 Summon Lightning Spire   Summ/Air       #.......     73%         4    ####...
 Summon Guardian Golem    Hex/Summ       #####...     1%          3    ##.....
 Lesser Beckoning         Tloc           ####......   4%          3    ##.....


Dungeon Overview and Level Annotations

Branches:
Dungeon (13/15)            Temple (1/1) D:7            Lair (3/6) D:11
  Snake (0/4) Lair:3          Orc (1/2) D:12
  Swamp: Lair:2-4    Shoals: Lair:2-4    Vaults: D:13-14

Altars:
Ashenzari
Cheibriados
Dithmenos
Elyvilon
Fedhas
Gozag
Hepliaklqana
Kikubaaqudgha
Makhleb
Nemelex Xobeh
Okawaru
Qazlal
Ru
Sif Muna
Trog
Uskayaw
Vehumet
Wu Jian
Xom
Yredelemnul
Zin
The Shining One

Shops:
D:5 ?

Annotations:
D:1 exclusion: downstairs
D:5 2 transporters, alziosalvatore's ghost, novice CeFi
D:6 exclusion: downstairs
D:8 1 exclusion, Gastronok
D:13 2 runed doors, Frances; Urug
Lair:2 exclusion: downstairs
Lair:3 1 runed door


Innate Abilities, Weirdness & Mutations

You cannot wear armour.
You are incapable of wielding weapons or throwing items.
Your paws allow you to move quietly. (Stealth)
You have sharp claws.
You have razor-sharp teeth.
You have supernaturally acute eyesight. (SInv)
You are carnivorous and can eat meat at any time.
You cover ground quickly.
You are covered in thick fur. (AC +2)
You have a slow metabolism.
Your sharp claws are effective at attacking unaware monsters.


Message History

You spin and attack the death yak.
You catch the helpless death yak completely off-guard!
You claw the death yak!
The death yak bellows!
Your bite misses the death yak.
The death yak is heavily wounded.
The death yak bellows!
The death yak gores you!!
Ouch! That really hurt!
You spin and attack the death yak.
You barely miss the death yak.
The death yak is heavily wounded.
The death yak gores you!!
You die...
You hear a bellow!
You are now level 10!
You rejoin the land of the living...
Unknown command.
Unknown command.
Unknown command.
Are you sure you want to abandon this character and quit the game? (Confirm with "yes".)

#.......##.# ### ####### ##)[
##.......########.#######..## #..
#..........# #.##...>.......####.
.....>.....####...............##P
.............##...............###
.#.......#..#................P# #
.#.......#....................###
.###...######..................##
.# #..## #...@..............#.
.###..# #...................#
.....## #....................
....## #...รท................
##..## #.##...........<.....
#....# #####................
##..## #.....[........... #...#
#####............. ...#### ###
#.##..........


There were no monsters in sight!

Vanquished Creatures
  A hydra (D:12)
  A centaur warrior (D:13)
  A two-headed ogre (D:12)
  A death yak (Lair:3)
  An unseen horror (D:12)
  A deep elf mage (D:11)
  An orc sorcerer (Orc:1)
  A cyclops (D:11)
  Maurice (D:8)
  Psyche (D:8)
  A centaur zombie (D:11)
  A black mamba (Lair:3)
  4 spiny frogs
  3 komodo dragons
  7 blink frogs (Lair:3)
  5 hippogriffs
  A dancing weapon (D:9)
  Sigmund (D:2)
  4 wyverns
  A wraith (D:9)
  Eustachio (D:5)
  2 basilisks
  5 yaks (Lair:2)
  3 hungry ghosts
  Grum (D:8)
  Menkaure (D:7)
  An acid dragon (D:11)
  2 nagas (Lair:3)
  6 water moccasins
  Duvessa (D:7)
  4 porcupines
  8 orc warriors
  6 sky beasts
  A black bear (D:11)
  A phantom (D:2)
  An ice beast (D:5)
  A necrophage (D:8)
  7 wolves
  7 ogres
  9 centaurs
  11 crocodiles
  3 big kobolds
  10 bullfrogs
  A wyvern zombie (D:10)
  Dowan (D:7)
  8 killer bees
  3 scorpions
  An electric eel (Lair:1)
  2 howler monkeys
  4 crimson imps
  A quasit (D:8)
  8 hounds
  2 jellies
  3 orc priests
  2 bullfrog skeletons
  Crazy Yiuf (D:2)
  2 centaur skeletons
  7 iguanas
  9 orc wizards
  5 worker ants
  A killer bee zombie (D:7)
  A hound zombie (D:8)
  10 gnolls
  15 adders
  2 shadow imps
  An ooze (D:1)
  4 adder zombies
  2 adder skeletons
  3 worms
  2 dart slugs (D:1)
  2 leopard geckos
  40 orcs
  9 bats
  5 giant cockroaches
  7 goblins
  7 hobgoblins
  2 jackals (D:3)
  12 quokkas
  3 ball pythons
  8 frilled lizards
  17 kobolds
  A leopard gecko skeleton (D:4)
  14 rats
  A fungus (D:2)
359 creatures vanquished.

Vanquished Creatures (collateral kills)
  2 two-headed ogres
  Joseph (D:7)
  A naga (Lair:3)
  An orc warrior (D:7)
  An ogre (D:5)
  4 orcs
10 creatures vanquished.

Vanquished Creatures (others)
  2 dancing weapons
  A centaur (D:13)
3 creatures vanquished.

Grand Total: 372 creatures vanquished

Notes
Turn   | Place    | Note
-------+----------+-------------------------------------------
     0 | D:1      | Delateral the Felid Enchanter began the quest for the Orb.
     0 | D:1      | Reached XP level 1. HP: 7/7 MP: 4/4
   616 | D:1      | Reached XP level 2. HP: 11/11 MP: 3/6
   620 | D:1      | Learned a level 2 spell: Ensorcelled Hibernation
  1773 | D:1      | Reached XP level 3. HP: 14/14 MP: 1/7
  1778 | D:1      | Learned a level 3 spell: Confuse
  2044 | D:2      | Reached skill level 5 in Hexes
  2487 | D:2      | Noticed Sigmund
  2729 | D:2      | Noticed a phantom
  2786 | D:2      | Reached XP level 4. HP: 18/18 MP: 5/8
  3716 | D:2      | Killed a phantom
  3716 | D:2      | Reached skill level 1 in Fighting
  3716 | D:2      | Reached skill level 6 in Hexes
  3716 | D:2      | Reached XP level 5. HP: 22/22 MP: 6/9
  3720 | D:2      | Found a runed door.
  3724 | D:2      | Noticed Crazy Yiuf
  3729 | D:2      | Slain by Crazy Yiuf
  3730 | D:2      | Reached XP level 4. HP: -2/19 MP: 2/8
  3765 | D:2      | Killed Sigmund
  3765 | D:2      | Reached skill level 5 in Stealth
  3765 | D:2      | Reached XP level 5. HP: 22/22 MP: 7/9
  3898 | D:2      | Killed Crazy Yiuf
  3898 | D:2      | Gained mutation: You are covered in thick fur. (AC +2) [Felid growth]
  3898 | D:2      | Reached XP level 6. HP: 25/25 MP: 4/10
  5072 | D:4      | Reached skill level 5 in Unarmed Combat
  5376 | D:4      | Reached skill level 7 in Hexes
  5476 | D:4      | Learned a level 3 spell: Tukima's Dance
  5588 | D:4      | Noticed a sky beast
  5602 | D:4      | Killed a sky beast
  5602 | D:4      | Reached XP level 7. HP: 21/30 MP: 8/11
  5654 | D:4      | Found a stormy altar of Qazlal.
  5655 | D:4      | Noticed a water elemental
  5655 | D:4      | Noticed an air elemental
  5655 | D:4      | Noticed a fire elemental
  5868 | D:5      | Entered Level 5 of the Dungeon
  6097 | D:5      | Noticed a hippogriff
  6584 | D:5      | Found a transporter.
  6588 | D:5      | Found a transporter.
  6588 | D:5      | Noticed alziosalvatore's ghost (novice CeFi)
  6634 | D:5      | Reached skill level 5 in Dodging
  6695 | D:5      | Noticed Eustachio
  6931 | D:5      | Found Majiv's Magic Scroll Boutique.
  6940 | D:5      | Bought a scroll of identify for 30 gold pieces
  7095 | D:5      | Reached XP level 8. HP: 34/34 MP: 13/13
  7209 | D:5      | Killed a hippogriff
  7602 | D:5      | Found Majiv's Magic Scroll Boutique.
  7860 | D:5      | Killed Eustachio
  8110 | D:6      | Reached skill level 8 in Hexes
  9459 | D:7      | Reached XP level 9. HP: 39/39 MP: 10/15
  9554 | D:7      | Noticed Menkaure
  9598 | D:7      | Killed Menkaure
  9601 | D:7      | Learned a level 1 spell: Apportation
  9866 | D:7      | Noticed Duvessa
  9866 | D:7      | Noticed Dowan
  9993 | D:7      | Noticed Joseph
 10006 | D:7      | Killed Joseph
 10006 | D:7      | Reached skill level 9 in Hexes
 10129 | D:7      | You fall through a shaft for 3 floors!
 10129 | D:10     | Entered Level 10 of the Dungeon
 10581 | D:9      | Noticed a two-headed ogre
 10776 | D:9      | Killed a two-headed ogre
 10897 | D:8      | Noticed Gastronok
 11403 | D:8      | Noticed Grum
 11406 | D:8      | Killed Grum
 11406 | D:8      | Reached skill level 5 in Fighting
 11406 | D:8      | Reached XP level 10. HP: 44/44 MP: 8/17
 11551 | D:8      | Found a sparkling altar of Nemelex Xobeh.
 11966 | D:7      | Found a snail-covered altar of Cheibriados.
 12053 | D:7      | Found a staircase to the Ecumenical Temple.
 12063 | Temple   | Entered the Ecumenical Temple
 12345 | D:7      | Killed Duvessa
 12345 | D:7      | Reached skill level 10 in Hexes
 12355 | D:7      | Killed Dowan
 12465 | D:8      | Found a hide-covered altar of Uskayaw.
 12465 | D:8      | Found a glowing golden altar of the Shining One.
 12465 | D:8      | Found a shattered altar of Ashenzari.
 12465 | D:8      | Found a radiant altar of Vehumet.
 12465 | D:8      | Noticed Maurice
 12473 | D:8      | Killed Maurice
 12749 | D:8      | Found an ornate altar of the Wu Jian Council.
 12753 | D:8      | Became a worshipper of the Wu Jian Council
 12900 | D:8      | Reached skill level 10 in Stealth
 12900 | D:8      | Noticed a two-headed ogre
 13070 | D:8      | Killed a two-headed ogre
 13070 | D:8      | Reached skill level 11 in Hexes
 13466 | D:8      | Reached skill level 10 in Unarmed Combat
 13480 | D:8      | Noticed Psyche
 13548 | D:8      | Killed Psyche
 13847 | D:9      | You fall through a shaft for 2 floors!
 13858 | D:11     | Noticed a deep elf mage
 13913 | D:10     | Reached * piety under Wu Jian
 15066 | D:10     | Reached XP level 11. HP: 47/47 MP: 13/18
 15181 | D:10     | Reached skill level 12 in Hexes
 15867 | D:11     | Killed a deep elf mage
 16210 | D:11     | Reached skill level 10 in Dodging
 16465 | D:11     | Found a staircase to the Lair.
 16686 | D:11     | Reached ** piety under Wu Jian
 16686 | D:11     | Reached skill level 13 in Hexes
 16876 | D:11     | Learned a level 6 spell: Invisibility
 17008 | D:12     | Found a staircase to the Orcish Mines.
 17337 | D:12     | Noticed a two-headed ogre
 17341 | D:12     | Killed a two-headed ogre
 17351 | D:12     | Learned a level 2 spell: Blink
 17423 | D:12     | Noticed a five-headed hydra
 17450 | D:12     | Killed a five-headed hydra
 17772 | D:12     | Noticed an unseen horror
 17777 | D:12     | Killed an unseen horror
 17920 | D:13     | Noticed a centaur warrior
 17932 | D:13     | Killed a centaur warrior
 18257 | D:13     | Found the +2 shield of Resistance {rF+ rC+ MR+}
 18267 | D:13     | Found a runed door.
 18267 | D:13     | Noticed a fire dragon
 18267 | D:13     | Noticed an ice dragon
 18268 | D:13     | Noticed an ice dragon
 18268 | D:13     | Noticed a fire dragon
 18270 | D:13     | Found a runed door.
 18291 | D:13     | Noticed Urug
 18307 | D:13     | Hit by a javelin of penetration thrown by Urug
 18308 | D:13     | Reached XP level 10. HP: -11/45 MP: 5/17
 18369 | D:13     | Noticed Frances
 18449 | Orc:1    | Entered Level 1 of the Orcish Mines
 18449 | Orc:1    | Noticed an orc sorcerer
 18450 | Orc:1    | Killed an orc sorcerer
 18450 | Orc:1    | Reached skill level 14 in Hexes
 18572 | Lair:1   | Entered Level 1 of the Lair of Beasts
 18632 | Lair:1   | Reached XP level 11. HP: 48/48 MP: 15/18
 19798 | Lair:2   | Reached skill level 5 in Translocations
 20386 | Lair:2   | Reached skill level 5 in Spellcasting
 20903 | Lair:3   | Found a runed door.
 21397 | Lair:3   | Reached *** piety under Wu Jian
 21518 | Lair:3   | Reached skill level 15 in Hexes
 21675 | Lair:3   | Reached skill level 1 in Evocations
 21856 | Lair:3   | Found a staircase to the Snake Pit.
 21891 | Lair:3   | Noticed a death yak
 21892 | Lair:3   | Noticed a death yak
 21892 | Lair:3   | Noticed a death yak
 21902 | Lair:3   | Noticed a death yak
 21910 | Lair:3   | Killed a death yak
 22321 | Lair:3   | Slain by a death yak
 22322 | Lair:3   | Reached XP level 10. HP: -1/46 MP: 15/19
 22322 | Lair:3   | Quit the game

Vault maps used:
D:1:      minmay_arrival_diagonal_passages
D:2:      first_ration, uniq_crazy_yiuf_cottage, uniq_sigmund
D:3:      kennysheep_big_flooded_room
D:4:      nicolae_qazlal_style_of_elements
D:5:      lemuel_upstairs_altar, gammafunk_ghost_arena, serial_shops,
          shop_scrolls, uniq_eustachio
D:7:      minmay_temple_entry_hall, basic_altar, minmay_tree_intersection,
          grunt_ogre_cave, uniq_joseph, uniq_menkaure, uniq_duvessa
D:8:      old_standard_altar, chequers_temple_overflow_statue_of_worship,
          marbit_many_paths, kennysheep_kite_vault, uniq_gastronok,
          uniq_maurice, uniq_psyche, uniq_grum
D:10:     corexii_leaking_fountain, kennysheep_potato
D:11:     erik_lair_dragon, minmay_misc_feat_ornament
D:12:     david_orc_2, kennysheep_decorative_pillar
D:13:     david_vaults_1, minmay_guarded_unrand_resistance, uniq_frances,
          uniq_azrael, uniq_urug
Temple:   compressed_dpeg_circular_temple
Lair:1:   grunt_megastairs_2, infiniplex_staircase_pool, serial_bayou_shore_a
Lair:2:   guppyfry_lair_drakes
Lair:3:   gammafunk_mikee_crab_dinner, minmay_snake_entry_guardpost_small
Orc:1:    serial_shops, shop, hangedman_minor_magic

Skill      XL: |  1  2  3  4  5  6  7  8  9 10 11 |
---------------+----------------------------------+-----
Dodging        | 3 4 5 7 9 11 | 11.9
Unarmed Combat | 2 3 4 5 6 8 10 | 10.8
Hexes          | 5 6 7 8 9 14 15 | 15.0
Fighting       | 1 2 3 5 6 |  6.8
Stealth        | 5 6 7 9 10 | 10.0
Spellcasting   | 3 4 5 |  5.5
Translocations | 4 5 |  5.0
Evocations     | 2 |  2.9

Action                   |  1- 3 |  4- 6 |  7- 9 | 10-12 || total
-------------------------+-------+-------+-------+-------++-------
Melee: Unarmed           |    96 |   104 |   184 |   397 ||   781
       Bite              |     8 |     6 |     9 |    21 ||    44
       Punch             |     1 |     1 |     4 |    10 ||    16
 Cast: Corona            |     6 |     3 |    18 |    24 ||    51
       Ensorcelled Hiber |    31 |    42 |    81 |   145 ||   299
       Confuse           |       |     9 |    20 |    43 ||    72
       Tukima's Dance    |       |       |    15 |    14 ||    29
       Apportation       |       |       |     3 |       ||     3
       Invisibility      |       |       |       |    10 ||    10
Invok: Lunge             |       |       |       |    70 ||    70
       Whirlwind         |       |       |       |   128 ||   128
       Wall Jump         |       |       |       |     5 ||     5
       Serpent's Lash    |       |       |       |     1 ||     1
  Use: Scroll            |     2 |     1 |     9 |    16 ||    28
 Stab: Sleeping          |    21 |    38 |    64 |   124 ||   247
       Distracted        |     1 |       |     1 |       ||     2
       Confused          |       |     9 |    12 |    27 ||    48
       Invisible         |       |       |       |    25 ||    25
  Eat: Chunk             |    12 |    14 |    18 |    35 ||    79
Armor: Skin              |     6 |     5 |     6 |     5 ||    22
Dodge: Dodged            |    97 |    53 |   120 |   264 ||   534

Table legend:
 A = Spawn XP
 B = Non-spawn XP
 C = Spawn XP percentage of total XP
 D = Spawn monster count
 E = Non-spawn monster count
 F = Spawn count percentage of total count
 G = Total turns spent on level
                    A         B        C        D         E        F      G
               +---------+---------+-------+---------+---------+-------+---------
         Total |       0 |   31543 |   0.0 |       0 |     367 |   0.0 | 22322
               +---------+---------+-------+---------+---------+-------+---------
           D:1 |       0 |      65 |   0.0 |       0 |      29 |   0.0 |  2506
           D:2 |       0 |     496 |   0.0 |       0 |      30 |   0.0 |  1387
           D:3 |       0 |      47 |   0.0 |       0 |      21 |   0.0 |  1070
           D:4 |       0 |     341 |   0.0 |       0 |      17 |   0.0 |  1039
           D:5 |       0 |    1146 |   0.0 |       0 |      18 |   0.0 |  2088
           D:6 |       0 |     580 |   0.0 |       0 |      17 |   0.0 |  1201
           D:7 |       0 |    1812 |   0.0 |       0 |      37 |   0.0 |  1476
           D:8 |       0 |    4457 |   0.0 |       0 |      41 |   0.0 |  1698
           D:9 |       0 |    1245 |   0.0 |       0 |      25 |   0.0 |  1710
          D:10 |       0 |    1679 |   0.0 |       0 |      26 |   0.0 |  1393
          D:11 |       0 |    3153 |   0.0 |       0 |      24 |   0.0 |  1353
          D:12 |       0 |    3519 |   0.0 |       0 |      20 |   0.0 |  1202
          D:13 |       0 |    1111 |   0.0 |       0 |       5 |   0.0 |   342
        Lair:1 |       0 |    1375 |   0.0 |       0 |      10 |   0.0 |   975
        Lair:2 |       0 |    3891 |   0.0 |       0 |      20 |   0.0 |  1325
        Lair:3 |       0 |    6061 |   0.0 |       0 |      26 |   0.0 |  1450
         Orc:1 |       0 |     565 |   0.0 |       0 |       1 |   0.0 |     3
               +---------+---------+-------+---------+---------+-------+---------
